 Dungeon Crawl Stone Soup version 0.24-a0-493-g7e4ddcd485 (webtiles) character file.

Game seed: 14814885689259028226

76 SataraUzumaki the Skirmisher (level 4, -1/41 HPs)
             Began as a Minotaur Berserker on July 12, 2019.
             Was a Believer of Trog.
             Slain by a gnoll
             ... wielding a +1 whip of electrocution
              (10 damage)
             ... on level 3 of the Dungeon.
             The game lasted 00:15:55 (1598 turns).

SataraUzumaki the Skirmisher (Minotaur Berserker)   Turns: 1598, Time: 00:15:56

Health: -1/41      AC:  2    Str: 23    XL:     4   Next: 12%
Magic:  3/3        EV: 12    Int:  4    God:    Trog [**....]
Gold:   52         SH:  0    Dex:  9    Spells: 3/3 levels left

rFire    . . .     SeeInvis .   a - +0 hand axe
rCold    . . .     Gourm    .   (no shield)
rNeg     . . .     Faith    .   b - +0 animal skin
rPois    .         Spirit   .   (helmet restricted)
rElec    .         Reflect  .   (no cloak)
rCorr    .         Harm     .   (no gloves)
MR       .....                  (no boots)
Stlth    +.........             (no amulet)
HPRegen  0.13/turn              (no ring)
MPRegen  0.08/turn              (no ring)

@: lethally poisoned (-1 -> -3)
A: retaliatory headbutt, horns 2
a: Berserk, Trog's Hand, Renounce Religion


You were on level 3 of the Dungeon.
You worshipped Trog.
Trog was pleased with you.
You were not hungry.

You visited 1 branch of the dungeon, and saw 3 of its levels.

You collected 52 gold pieces.

Inventory:

Hand Weapons
 a - a +0 hand axe (weapon)
 f - a +0 dagger
Missiles
 j - 43 arrows
Armour
 b - a +0 animal skin (worn)
 i - a +0 robe
 k - a +0 animal skin
Scrolls
 d - 4 scrolls of remove curse {unknown}
 e - 6 scrolls of identify {unknown}
 h - a scroll of fog {unknown}
Comestibles
 c - 12 rations


   Skills:
 + Level 4.7 Fighting
 + Level 4.6 Axes
 + Level 2.8 Armour
 + Level 2.7 Dodging


You had 3 spell levels left.
You didn't know any spells.
Your spell library was empty.

Dungeon Overview and Level Annotations

Branches:
Dungeon (3/15)

Altars:
Trog


Innate Abilities, Weirdness & Mutations

You reflexively headbutt those who attack you in melee.
You have a pair of horns on your head.


Message History

You feel sick.
You hit the jackal.
The jackal is lightly wounded.
The jackal misses you. The jackal closely misses you.
You closely miss the jackal. Your headbutt misses the jackal.
The jackal is lightly wounded.
You feel sick. The jackal completely misses you. You furiously retaliate!
You headbutt the jackal, but do no damage.
You hit the jackal but do no damage.
The jackal is lightly wounded.
The jackal bites you but does no damage.
The jackal closely misses you. You furiously retaliate!
You headbutt the jackal!
You kill the jackal!
Trog accepts your kill.
You barely miss the gnoll.
You feel sick. The gnoll barely misses you.
You hit the gnoll.
The gnoll is lightly wounded.
The gnoll hits you with a +1 whip of electrocution!
You die...

....# #...####
#...... ##
#....# ...
#....# ....
####....# .....
#..<....#
.....g##.###.#.#
.....gg@...#.#.#
########...#.#.#
#####.#.#####
............#
####........###
#.<........#
#........#.#
#........#.#
#........#.#


You could see 3 gnolls.

Vanquished Creatures
  2 adders
  An ooze (D:1)
  2 worms (D:2)
  A dart slug (D:1)
  A leopard gecko (D:2)
  2 giant cockroaches (D:1)
  6 hobgoblins
  11 jackals
  4 bats (D:1)
  4 frilled lizards (D:2)
  3 goblins
  2 kobolds
  5 rats
44 creatures vanquished.

Notes
Turn   | Place    | Note
-------+----------+-------------------------------------------
     0 | D:1      | SataraUzumaki the Minotaur Berserker began the quest for
                  | the Orb.
     0 | D:1      | Reached XP level 1. HP: 19/19 MP: 0/0
   129 | D:1      | Reached XP level 2. HP: 23/27 MP: 1/1
   743 | D:2      | Reached XP level 3. HP: 34/34 MP: 2/2
  1072 | D:2      | Reached ** piety under Trog
  1531 | D:3      | Found a bloodstained altar of Trog.
  1593 | D:3      | Reached XP level 4. HP: 12/41 MP: 3/3
  1598 | D:3      | Slain by a gnoll

Levels and vault maps discovered:
D:1:      dpeg_arrival_tiny_d, layout_basic, serial_glass, glass_columns_c,
          glass_columns_a, glass_columns_b, glass_columns_b
D:2:      layout_basic
D:3:      layout_basic, bloody_trog, minmay_snake_closets

Skill      XL: |  1  2 |
---------------+-------+-----
Axes           | 4 |  4.6
Fighting       | 4 |  4.7
Armour         | |  2.8
Dodging        | |  2.7

Action                   |  1- 3 |  4- 6 || total
-------------------------+-------+-------++-------
Melee: Hand axe          |    95 |     5 ||   100
       Headbutt          |    21 |       ||    21
  Use: Scroll            |     1 |       ||     1
       Potion            |     1 |       ||     1
  Eat: Chunk             |     2 |       ||     2
Armor: Animal skin       |    11 |     1 ||    12
Dodge: Dodged            |    67 |     5 ||    72

Table legend:
 A = Non-vault XP
 B = Vault XP
 C = Vault XP percentage of total XP
 D = Non-vault monster count
 E = Vault monster count
 F = Vault count percentage of total count
                 A         B        C        D         E       F
            +---------+---------+-------+---------+---------+-------
      Total |     109 |       0 |   0.0 |      44 |       0 |   0.0
            +---------+---------+-------+---------+---------+-------
        D:1 |      34 |       0 |   0.0 |      17 |       0 |   0.0
        D:2 |      51 |       0 |   0.0 |      20 |       0 |   0.0
        D:3 |      24 |       0 |   0.0 |       7 |       0 |   0.0
            +---------+---------+-------+---------+---------+-------
